Map: Habitation Station LE (Void)

Players

ZhuGeLiang - Winner!

  • Race: Zerg Zerg
  • League: Grandmaster
  • Spawn Location: 1:00

LiquidTLO (TLO)

  • Race: Zerg Zerg
  • League: Grandmaster
  • Spawn Location: 11:00

Event: NationWars IV

VOD

Have the link to the VOD?

Description

Time

  • Played on: Jan. 2, 2017, 11:31 a.m.
  • Length: 8:40
Show
View Real Time Build Order
Export as new Build Order

ZhuGeLiang Zerg - Winner!

Build Orders: Hatch First 

Get SALT Encoding   

  12  0:01  Drone  
  13  0:08  Drone  
  14  0:17  Overlord  
  14  0:24  Extractor  
  14  0:25  Drone  
  15  0:44  Hatchery  
  15  0:47  Drone  
  15  0:51  Drone  
  16  1:06  Spawning Pool  
  16  1:09  Drone  
  16  1:13  Drone  
  16  1:15  Drone  
  18  1:22  Drone  
  19  1:27  Extractor  
  18  1:32  Drone  
  19  1:43  Overlord  
  19  1:52  Queen  
  19  1:53  Drone  
  22  1:56  Queen  
  22  1:57  Drone  
  25  2:04  Drone  
  25  2:07  Drone  
  27  2:13  Drone  
  28  2:18  Drone  
  29  2:24  Overlord  
  29  2:28  Queen  
  29  2:29  Drone  
  32  2:37  Drone  
  32  2:40  Zergling x2  
  34  2:47  Drone  
  35  2:52  Drone  
  35  2:57  Drone  
  37  3:00  Drone x2  
  37  3:01  Lair  
  39  3:07  Drone x2  
  39  3:08  Overlord, Drone  
  39  3:12  Roach Warren  
  41  3:13  Drone, Evolution Chamber  
  41  3:16  Extractor  
  41  3:19  Overlord  
  40  3:21  Drone  
  40  3:24  Drone  
  42  3:28  Drone  
  42  3:32  Extractor, Drone  
  43  3:34  Drone x2  
  43  3:40  Zerg Missile Weapons Level 1  
  45  3:42  Drone x3  
  45  3:44  Drone  
  45  3:45  Drone  
  50  3:59  Glial Reconstitution  
  50  4:01  Roach x2  
  54  4:07  Hatchery  
  53  4:13  Roach x2  
  53  4:14  Roach  
  59  4:17  Overlord  
  59  4:22  Overlord  
  59  4:24  Overlord  
  59  4:25  Overseer  
  59  4:27  Overlord  
  59  4:30  Overlord  
  59  4:36  Roach  
  59  4:37  Roach  
  63  4:44  Overlord  
  63  4:47  Overlord  
  63  4:51  Roach x3  
  69  4:59  Roach x3  
  73  5:13  Roach x7  
  80  5:22  Roach x3  
  80  5:26  Roach  
  88  5:29  Roach  
  88  5:34  Roach x2  
  94  5:45  Roach x3  
  98  5:50  Overlord  
  98  5:52  Roach x3  
  98  5:54  Roach  
  98  5:56  Roach  
  108  5:59  Roach x2  
  108  6:01  Overlord  
  114  6:04  Roach  
  114  6:07  Roach  
  116  6:14  Roach x4  
  124  6:21  Roach x3  
  124  6:23  Roach  
  132  6:26  Overlord  
  132  6:28  Overlord  
  132  6:34  Roach x2  
  132  6:37  Overlord  
  132  6:39  Roach  
  138  6:45  Roach x3  
  144  6:51  Roach x3  
  150  6:54  Roach x2  
  150  7:01  Roach  
  154  7:04  Roach x3  
  154  7:06  Overlord  
  160  7:09  Roach  
  162  7:19  Roach x4  
  162  7:21  Roach  
  146  7:26  Roach  
  146  7:28  Roach  
  132  7:34  Extractor, Drone x2  
  132  7:35  Roach x2  
  125  7:39  Roach  
  127  7:45  Roach  
  127  7:46  Roach x2  
  127  7:49  Roach  
  135  7:55  Roach x2  
  139  7:59  Roach  
  139  8:03  Roach x2  
  139  8:04  Zergling x10  
  144  8:17  Roach  
  144  8:18  Roach x5  
Show
View Real Time Build Order
Export as new Build Order

LiquidTLO Zerg 

Build Orders: Hatch First 

Get SALT Encoding   

  12  0:00  Drone  
  13  0:12  Overlord  
  13  0:17  Drone  
  14  0:31  Drone x2  
  16  0:37  Drone  
  17  0:52  Hatchery  
  17  0:56  Drone  
  17  1:09  Spawning Pool  
  16  1:12  Drone  
  16  1:13  Extractor  
  16  1:17  Drone  
  17  1:20  Drone  
  18  1:28  Drone  
  19  1:39  Overlord  
  19  1:51  Drone  
  20  1:56  Queen  
  20  2:00  Zergling x2  
  23  2:04  Queen  
  23  2:05  Drone  
  26  2:11  Drone  
  26  2:15  Drone  
  28  2:22  Drone  
  29  2:28  Overlord  
  29  2:33  Lair, Drone  
  30  2:38  Drone  
  31  2:44  Drone  
  31  2:45  Evolution Chamber  
  31  2:47  Drone  
  32  2:52  Roach Warren  
  32  2:55  Drone  
  32  3:00  Drone  
  32  3:04  Overlord  
  34  3:05  Drone x2  
  34  3:08  Drone  
  34  3:09  Drone  
  37  3:13  Zerg Missile Weapons Level 1  
  37  3:15  Drone  
  37  3:17  Drone  
  39  3:20  Drone  
  39  3:22  Drone  
  41  3:32  Glial Reconstitution  
  41  3:39  Hatchery  
  41  3:40  Drone  
  40  3:42  Drone  
  40  3:44  Extractor x2  
  40  3:45  Drone  
  40  3:46  Drone  
  41  3:48  Overseer  
  41  3:50  Drone  
  41  3:54  Drone x2  
  44  3:56  Drone  
  44  3:58  Roach  
  47  4:03  Overlord  
  47  4:04  Drone  
  47  4:06  Drone  
  47  4:09  Overlord  
  49  4:13  Roach  
  49  4:15  Overlord  
  51  4:17  Drone  
  51  4:21  Overlord  
  51  4:24  Roach  
  54  4:26  Drone  
  54  4:28  Roach  
  54  4:31  Roach  
  59  4:34  Overlord  
  59  4:38  Drone  
  60  4:39  Roach  
  60  4:42  Roach  
  64  4:47  Roach x2  
  64  4:48  Roach  
  70  4:54  Roach  
  70  4:56  Roach  
  70  4:57  Roach  
  70  4:59  Roach  
  78  5:01  Roach  
  78  5:04  Roach  
  78  5:07  Roach  
  84  5:08  Roach  
  84  5:11  Roach  
  84  5:13  Roach  
  86  5:15  Roach  
  86  5:18  Roach  
  90  5:22  Drone x2  
  90  5:24  Queen  
  90  5:26  Roach  
  90  5:28  Roach  
  98  5:31  Overlord  
  98  5:34  Overlord  
  98  5:43  Roach  
  98  5:45  Overlord  
  98  5:46  Zerg Missile Weapons Level 2  
  98  5:48  Roach x2  
  99  5:50  Roach, Drone  
  99  5:52  Roach, Drone  
  99  5:54  Extractor, Roach  
  107  5:57  Roach  
  107  5:58  Roach  
  107  6:02  Drone  
  107  6:03  Roach  
  112  6:05  Roach  
  112  6:07  Overlord  
  112  6:08  Roach  
  112  6:11  Overlord  
  116  6:12  Overlord  
  116  6:16  Roach, Drone  
  116  6:17  Roach  
  121  6:26  Roach  
  121  6:28  Roach  
  121  6:31  Extractor  
  128  6:32  Roach  
  128  6:33  Roach  
  128  6:34  Roach x2  
  128  6:35  Overlord  
  128  6:36  Roach  
  128  6:39  Roach  
  138  6:40  Roach  
  138  6:43  Roach  
  140  6:48  Roach  
  140  6:51  Roach  
  140  6:53  Roach  
  140  6:54  Roach  
  148  6:55  Roach x2  
  148  7:01  Roach  
  154  7:08  Overlord  
  152  7:09  Roach  
  152  7:14  Roach  
  152  7:15  Roach, Overlord  
  154  7:21  Roach, Ravager  
  154  7:22  Roach x2  
  127  7:23  Roach x3  
  127  7:24  Roach  
  127  7:25  Roach  
  127  7:27  Roach  
  127  7:29  Ravager  
  119  7:33  Roach  
  119  7:35  Extractor, Roach  
  106  7:38  Roach  
  106  7:39  Queen  
  106  7:40  Queen  
  101  7:44  Roach  
  101  7:45  Roach  
  101  7:48  Queen  
  101  7:50  Roach  
  107  7:53  Roach x2  
  107  7:54  Roach  
  107  7:57  Roach  
  113  7:59  Roach  
  113  8:02  Roach  
  113  8:05  Roach  
  119  8:08  Roach  
  119  8:11  Roach  
  114  8:13  Roach  
  114  8:17  Roach  
  108  8:21  Roach  
Tags
 
Add a new tag
Caveats
  • Supply blocks, unpowered buildings, or Contaminate may cause inaccurate times.
  • Supply counts are checked every 10 seconds.